 Dungeon Crawl Stone Soup version 0.30-a0-715-gdb4ae3ece1 (webtiles) character file.

Game seed: 12638215240297660216

25109 wormed the Unseen (level 13, -36/120 HPs)
             Began as a Naga Fire Elementalist on Jan 24, 2023.
             Was an Elder of Vehumet.
             Killed by an exploding elephant simulacrum (57 damage)
             ... ignited by their inner flame
             ... in an ice cave.
             The game lasted 00:34:13 (19578 turns).

wormed the Unseen (Naga Fire Elementalist)         Turns: 19578, Time: 00:34:13

Health: -36/120    AC: 16    Str: 10    XL:     13   Next: 17%
Magic:  11/25      EV:  9    Int: 22    God:    Vehumet [****..]
Gold:   460        SH:  7    Dex: 13    Spells: 20/29 levels left

rFire   x . .      SeeInvis +    I - staff of conjuration
rCold   + + .      Faith    .    K - +4 buckler "Uskilugh" {Dex+2}
rNeg    . . .      Spirit   .    a - +0 troll leather armour
rPois   +          Reflect  .    m - +0 hat {SInv}
rElec   .          Harm     .    w - +1 cloak
rCorr   .          Rampage  .    D - +0 pair of gloves
Will    +....                    C - +2 barding {rF+}
Stlth   ++++++                   (no amulet)
HPRegen 1.20/turn                N - ring of ice
MPRegen 0.19/turn                O - ring of ice

@: studying Staves, very slow
A: AC +4, large, see invisible, deformed body, poison resistance, slowness 2,
spit poison 1, naga tail 2
a: Spit Poison, Renounce Religion


You were in an ice cave.
You worshipped Vehumet.
Vehumet was greatly pleased with you.
You visited 3 branches of the dungeon, and saw 16 of its levels.
You also visited: Bailey and Ice Cave.

You collected 1068 gold pieces.
You spent 608 gold pieces at shops.

Inventory:

Hand Weapons
 G - the +5 falchion of Piko {flame, rElec Will+}
   (You found it on level 7 of the Dungeon)

   rElec:     It insulates you from electricity.
   Will:      It increases your willpower.
Missiles
 B - a throwing net
Armour
 a - a +0 troll leather armour (worn)
 m - a +0 hat of see invisible (worn)
 w - a +1 cloak (worn)
 C - a +2 barding of fire resistance (worn)
 D - a +0 pair of gloves (worn)
 K - the +4 buckler "Uskilugh" (worn) {Dex+2}
   (You found it on level 9 of the Dungeon)

   Dex:       It affects your dexterity (+2).
Magical Staves
 I - a staff of conjuration (weapon)
Jewellery
 d - a +6 ring of intelligence
 q - a ring of resist corrosion
 M - a ring of willpower
 N - a ring of ice (left hand)
 O - a ring of ice (right hand)
Wands
 e - a wand of mindburst (7)
 u - a wand of acid (3) (quivered)
 P - a wand of paralysis (13)
Scrolls
 b - 6 scrolls of magic mapping
 h - 2 scrolls of poison
 j - 4 scrolls of enchant weapon
 k - 2 scrolls of brand weapon
 l - 5 scrolls of fog
 o - 3 scrolls of blinking
 s - 2 scrolls of teleportation
 y - a scroll of fear
 A - 2 scrolls of enchant armour
 F - 2 scrolls of vulnerability
 H - 3 scrolls of amnesia
 L - a scroll of immolation
 Q - 3 scrolls of identify
Potions
 c - 6 potions of curing
 f - 2 potions of berserk rage
 g - a potion of ambrosia
 i - 3 potions of attraction
 n - 3 potions of mutation
 p - 4 potions of haste
 t - 2 potions of resistance
 v - 6 potions of heal wounds
 x - 4 potions of lignification
 z - a potion of flight
 E - a potion of might


   Skills:
 + Level 8.8 Fighting
 + Level 2.8 Armour
 - Level 7.0 Dodging
 + Level 15.1 Stealth
 + Level 8.5 Spellcasting
 + Level 8.9 Conjurations
 + Level 9.5 Fire Magic


You had 20 spell levels left.
You knew the following spells:

 Your Spells              Type           Power      Damage    Failure   Level
a - Foxfire               Conj/Fire      100%       2x1d9     1%          1
b - Scorch                Fire           100%       2d10      1%          2
c - Inner Flame           Hex/Fire       30%        N/A       1%          3
d - Stone Arrow           Conj/Erth      86%        3d12      1%          3

Your spell library contained the following spells:

 Spells                   Type           Power      Damage    Failure   Level
 Ignite Poison            Fire/Tmut/Pois 23%        N/A       2%          3
 Magic Dart               Conj           100%       1d8       1%          1
 Static Discharge         Conj/Air       86%        2-6/arc   1%          2
 Flame Wave               Conj/Fire      66%        2d15      1%          4
 Kindle Blastsparks       Fire/Tloc/Air  46%        2d13      2%          3
 Mephitic Cloud           Conj/Pois/Air  33%        N/A       3%          3
 Arcjolt                  Conj/Air       21%        1d31      13%         5
 Irradiate                Conj/Tmut      21%        3d18      13%         5
 Lightning Bolt           Conj/Air       21%        1d36      13%         5
 Call Imp                 Summ           9%         N/A       19%         2
 Ensorcelled Hibernation  Hex/Ice        42%        N/A       19%         2
 Sublimation of Blood     Necr           9%         N/A       19%         2
 Airstrike                Air            4%         2d(1-17)  28%         4
 Spider Form              Tmut/Pois      9%         N/A       34%         3
 Vhi's Electric Charge    Tloc/Air       18%        N/A       34%         3
 Yara's Violent Unravell  Hex/Tmut       4%         3d4       58%         5
 Anguish                  Hex/Necr       4%         N/A       75%         4
 Petrify                  Tmut/Erth      9%         N/A       75%         4
 Summon Lightning Spire   Summ/Air       9%         N/A       75%         4
 Alistair's Intoxication  Tmut/Pois      6%         N/A       97%         5
 Borgnjor's Vile Clutch   Necr/Erth      4%         N/A       97%         5
 Eringya's Noxious Bog    Tmut/Pois      4%         N/A       98%         6
 Summon Cactus Giant      Summ           4%         N/A       100%        6
 Enfeeble                 Hex            4%         N/A       100%        7


Dungeon Overview and Level Annotations

Branches:
Dungeon (11/15)            Temple (1/1) D:4            Lair (4/5) D:10
  Swamp (0/4) Lair:2       Spider (0/4) Lair:3       Bailey (visited)
  IceCv (1/1)
  Slime: Lair:4-5       Orc: D:9-12

Altars:
Ashenzari
Cheibriados
Fedhas
Gozag
Hepliaklqana
Makhleb
Nemelex Xobeh
Ru
Sif Muna
Vehumet
Xom
Yredelemnul
Zin
The Shining One

Shops:
D:9 ?   D:11 :

Annotations:
Lair:1 1 runed translucent door, wormed's ghost, journeyman DsFE


Innate Abilities, Weirdness & Mutations

Your serpentine skin is tough. (AC +4)
You have supernaturally acute eyesight. (SInv)
Armour fits poorly on your strangely shaped body.
Your system is resistant to poisons. (rPois)
You cover ground very slowly.
You can spit poison.
You can use your snake-like lower body to constrict enemies.


Message History

The foxfire hits the freezing wraith!
The freezing wraith is burned terribly!
Flame seeps out of the freezing wraith.
The freezing wraith is lightly damaged.
Casting: Inner Flame (safe; 1% risk of failure)
Confirm with . or Enter, or press ? or * to list all spells.
Aiming: Inner Flame (safe; 1% risk of failure)
Press: ? - help, Dir - move target, f - elephant simulacrum, p - freezing wraith
Aim: an elephant simulacrum (chance to affect: 88%)
The elephant simulacrum is filled with an intense inner flame!
You are engulfed in blazing flames.
Casting: Inner Flame (safe; 1% risk of failure)
Confirm with . or Enter, or press ? or * to list all spells.
Aiming: Inner Flame (safe; 1% risk of failure)
Press: ? - help, Dir - move target, f - cane toad simulacrum, p - elephant simulacrum
Aim: a cane toad simulacrum (chance to affect: 89%)
The cane toad simulacrum is filled with an inner flame.
You are engulfed in blazing flames.
* * * LOW HITPOINT WARNING * * *
There is an ice covered gate leading back out of this place here.
You feel much better.
The cane toad simulacrum is engulfed in blazing flames.
Flame seeps out of the cane toad simulacrum.
Casting: Inner Flame (safe; 1% risk of failure)
Confirm with . or Enter, or press ? or * to list all spells.
Flames lash the freezing wraith but do no damage.
The elephant simulacrum is engulfed in blazing flames.
Flame seeps out of the elephant simulacrum.
You feel better.
The cane toad simulacrum is engulfed in blazing flames.
Vehumet accepts your kill.
You feel your power returning.
The cane toad simulacrum explodes!
The fiery explosion engulfs the elephant simulacrum!!
The elephant simulacrum melts!
Vehumet accepts your kill. The fiery explosion engulfs you!!!
The fire burns you terribly!
* * * LOW HITPOINT WARNING * * *
The elephant simulacrum explodes!
The fiery explosion engulfs you!!! The fire burns you terribly!
You die...

#######
##.§@§§##
#.☼§○§§.#
#..§§§§§..#
#...§§○§....#
#.....W.....#
#...........#
#.............#
#....8...8....#
#......!......#


You could see a freezing wraith (inner flame).

Vanquished Creatures
  Erica (D:9)
  A hydra (Lair:3)
  Amaemon (Lair:1)
  A bog body (Lair:2)
  An orb spider (Lair:3)
  2 orc knights (Bailey)
  2 manticores (D:11)
  An orange demon (Lair:1)
  9 cane toads
  2 komodo dragons (Lair:1)
  A hornet (D:10)
  2 trolls
  5 polar bears
  Grinder (D:6)
  Prince Ribbit (D:7)
  14 blink frogs
  Sigmund (D:2)
  4 wyverns
  A vampire (D:11)
  3 humans (D:6)
  31 yaks
  A steam dragon (D:9)
  2 basilisks
  12 water moccasins
  2 acid dragons
  9 orc warriors
  3 ice beasts
  A sky beast (D:7)
  4 black bears (Lair:2)
  An ogre (D:6)
  4 centaurs
  4 kobold brigands
  11 bullfrogs
  2 necrophages
  A gnoll sergeant (D:6)
  2 cane toad simulacra (IceCv)
  4 wights
  2 elephant simulacra (IceCv)
  7 killer bees (D:9)
  7 howler monkeys
  2 jellies
  5 orc priests
  A gnoll bouda (D:4)
  5 hounds
  6 orc wizards
  Natasha (thrice) (D:2)
  6 iguanas
  12 gnolls
  7 adders
  A shadow imp (D:3)
  12 white imps (Lair:4)
  2 ufetubi
  2 worms
  6 dart slugs
  39 orcs
  8 endoplasms
  6 giant cockroaches
  20 hobgoblins
  3 jackals
  3 quokkas
  4 ball pythons
  12 bats
  5 frilled lizards
  14 goblins
  25 kobolds
  5 rats
378 creatures vanquished.

Vanquished Creatures (collateral kills)
  3 foxfires (Lair:2)
3 creatures vanquished.

Vanquished Creatures (others)
  574 foxfires
  8 fungi
  42 plants
624 creatures vanquished.

Grand Total: 1005 creatures vanquished

Notes
Turn   | Place    | Note
-------+----------+-------------------------------------------
     0 | D:1      | wormed the Naga Fire Elementalist began the quest for the
                  | Orb.
     0 | D:1      | Reached XP level 1. HP: 15/15 MP: 3/3
     2 | D:1      | Noticed a human
     2 | D:1      | Noticed an ogre
     4 | D:1      | Noticed a naga
     6 | D:1      | Noticed a spriggan
     6 | D:1      | Noticed a demonspawn
     8 | D:1      | Noticed a felid
    10 | D:1      | Noticed a minotaur
    10 | D:1      | Noticed a merfolk
    12 | D:1      | Noticed an armataur
    12 | D:1      | Noticed a meteoran
    14 | D:1      | Noticed an elf
    14 | D:1      | Noticed a vine stalker
    16 | D:1      | Noticed an octopode
    16 | D:1      | Noticed a formicid
    18 | D:1      | Noticed a gargoyle
    20 | D:1      | Noticed a troll
    20 | D:1      | Noticed a draconian
    22 | D:1      | Noticed a tengu
    22 | D:1      | Noticed a ghoul
    24 | D:1      | Noticed a gargoyle
    24 | D:1      | Noticed a demigod
    27 | D:1      | Noticed an ogre
    27 | D:1      | Noticed a formicid
   163 | D:1      | Reached XP level 2. HP: 18/22 MP: 5/5
   558 | D:1      | Learned a level 2 spell: Scorch
   633 | D:1      | Reached XP level 3. HP: 30/30 MP: 2/6
  1190 | D:2      | Found an opulent altar of Gozag.
  1244 | D:2      | Noticed Natasha
  1250 | D:2      | Killed Natasha
  1251 | D:2      | Reached skill level 1 in Fighting
  1251 | D:2      | Reached XP level 4. HP: 18/38 MP: 5/7
  1391 | D:2      | Noticed Sigmund
  1398 | D:2      | Killed Sigmund
  1399 | D:2      | Reached skill level 4 in Stealth
  1399 | D:2      | Reached XP level 5. HP: 37/45 MP: 3/9
  1399 | D:2      | Reached XP level 6. HP: 43/52 MP: 3/10
  1590 | D:2      | Noticed Natasha
  1593 | D:2      | Killed Natasha
  1891 | D:2      | Noticed Natasha
  1895 | D:2      | Killed Natasha
  2115 | D:2      | Learned a level 3 spell: Inner Flame
  2221 | D:3      | Reached skill level 5 in Stealth
  3512 | D:4      | Reached XP level 7. HP: 61/61 MP: 2/11
  4414 | D:4      | Found a burning altar of Makhleb.
  4516 | D:4      | Found a staircase to the Ecumenical Temple.
  4531 | D:4      | Found a basalt altar of Yredelemnul.
  4552 | Temple   | Entered the Ecumenical Temple
  4598 | Temple   | Became a worshipper of Vehumet
  4735 | D:5      | Entered Level 5 of the Dungeon
  4932 | D:5      | Found a shimmering altar of Xom.
  4945 | D:5      | Found a snail-covered altar of Cheibriados.
  5303 | D:6      | Reached skill level 6 in Stealth
  5573 | D:5      | Reached XP level 8. HP: 63/69 MP: 4/13
  6725 | D:6      | Reached skill level 5 in Fire Magic
  6803 | D:6      | Noticed Grinder
  6808 | D:6      | Killed Grinder
  6809 | D:6      | Reached skill level 7 in Stealth
  7131 | D:6      | Reached XP level 9. HP: 42/79 MP: 4/15
  7375 | D:6      | Reached skill level 8 in Stealth
  7892 | D:6      | Found a sparkling altar of Nemelex Xobeh.
  8113 | D:7      | Identified the +5 falchion of Piko {flame, rElec Will+}
  8163 | D:7      | Reached skill level 5 in Spellcasting
  8236 | D:7      | Noticed a troll
  8249 | D:7      | Killed a troll
  8250 | D:7      | Reached skill level 5 in Conjurations
  8344 | D:7      | Noticed Prince Ribbit
  8349 | D:7      | Reached skill level 5 in Fighting
  8356 | D:7      | Killed Prince Ribbit
  8356 | D:7      | Reached * piety under Vehumet
  8356 | D:7      | Offered knowledge of Magic Dart by Vehumet.
  8465 | D:7      | Reached skill level 9 in Stealth
  8608 | D:7      | Found a flagged portal.
  8638 | Bailey   | Entered a bailey
  8883 | Bailey   | Reached skill level 5 in Dodging
  8883 | Bailey   | Reached XP level 10. HP: 44/88 MP: 0/18
  9012 | Bailey   | Noticed an orc knight
  9029 | Bailey   | Killed an orc knight
  9035 | Bailey   | Reached skill level 10 in Stealth
  9166 | Bailey   | Identified the +1 leather armour of Vehumet's Respect
                  | {rCorr MP+9 Str+4}
  9235 | Bailey   | Noticed an orc knight
  9243 | Bailey   | Killed an orc knight
  9325 | Bailey   | Noticed an orc warlord
  9353 | Bailey   | Offered knowledge of Shock by Vehumet.
  9458 | Bailey   | Reached ** piety under Vehumet
  9648 | D:7      | Acquired a +2 barding of fire resistance
 10500 | D:8      | Reached skill level 11 in Stealth
 10833 | D:8      | Offered knowledge of Stone Arrow by Vehumet.
 10842 | D:8      | Reached XP level 11. HP: 86/98 MP: 4/20
 10846 | D:8      | Learned a level 3 spell: Stone Arrow
 11699 | D:8      | Acquired a staff of conjuration
 11804 | D:9      | Found Opryh's Magic Scroll Emporium.
 12015 | D:9      | Noticed Erica
 12024 | D:9      | Killed Erica
 12025 | D:9      | Reached skill level 12 in Stealth
 12199 | D:9      | Reached *** piety under Vehumet
 12243 | D:9      | Identified the +4 buckler "Uskilugh" {Dex+2}
 12986 | D:9      | Offered knowledge of Sticky Flame by Vehumet.
 13480 | D:10     | Entered Level 10 of the Dungeon
 13802 | D:10     | Found a staircase to the Lair.
 14047 | D:10     | Reached skill level 13 in Stealth
 14049 | D:10     | Reached **** piety under Vehumet
 14430 | D:11     | Noticed a manticore
 14440 | D:11     | Killed a manticore
 14450 | D:11     | Noticed a manticore
 14768 | D:11     | Killed a manticore
 14900 | D:11     | Found Irihusav's Book Boutique.
 14908 | D:11     | Bought Great Wizards, Vol. II for 608 gold pieces
 15097 | Lair:1   | Entered Level 1 of the Lair of Beasts
 15281 | Lair:1   | Reached XP level 12. HP: 98/109 MP: 12/22
 15598 | Lair:1   | Found a runed translucent door.
 15602 | Lair:1   | Noticed wormed's ghost (journeyman DsFE)
 15609 | Lair:1   | Identified the +6 trident of Vounkoto {heavy, Str+7 Dex+8}
 15743 | Lair:1   | Offered knowledge of Ignite Poison by Vehumet.
 15886 | Lair:1   | Reached skill level 14 in Stealth
 16249 | Lair:1   | Noticed Amaemon
 16641 | Lair:1   | Killed Amaemon
 17078 | Lair:2   | Found a staircase to the Swamp.
 17150 | Lair:2   | Reached skill level 1 in Armour
 18047 | Lair:3   | Noticed a seven-headed hydra
 18051 | Lair:3   | Killed a seven-headed hydra
 18852 | Lair:3   | Found a hole to the Spider Nest.
 18870 | Lair:3   | Gained mutation: You can use your snake-like lower body to
                  | constrict enemies. [Naga growth]
 18870 | Lair:3   | Reached XP level 13. HP: 118/118 MP: 25/25
 18976 | Lair:3   | Reached skill level 15 in Stealth
 19404 | Lair:4   | Found a frozen archway.
 19565 | IceCv    | Entered an ice cave
 19578 | IceCv    | Killed by an exploding elephant simulacrum... ignited by
                  | their inner flame

Illustrated notes

Levels and vault maps discovered:
D:1:      kb_arrival_jail, layout_basic
D:2:      layout_loops_cross, basic_altar, minmay_tromino_i4, uniq_natasha,
          uniq_sigmund
D:3:      layout_basic
D:4:      layout_rooms, mainiacjoe_overflow_paths, makhleb_heckhound_becter,
          minmay_temple_entry_enclosed_plants, amcnicky_mini_pool_small,
          kennysheep_generic_room_13
D:5:      layout_loops_ring, mainiacjoe_overflow_catwalk_spiral
D:6:      layout_basic, nemelex_altar_shiori, corexii_shack, minmay_ruffians,
          uniq_grinder
D:7:      layout_loops_ring, enter_bailey_5, chequers_avenue,
          nicolae_elevator_lobby_asterisk, uniq_prince_ribbit1
D:8:      layout_layer_cave, st_stairs_14
D:9:      layout_loops_ring, serial_shops, shop, grunt_ministairs_10,
          kennysheep_small_spiral, kennysheep_generic_room_8, uniq_erica
D:10:     layout_irregular_city, lair_entry_dummy, lemuel_flamethrower_1
D:11:     layout_cave_pools, serial_shops, shop, fountainhead
Temple:   minmay_crystal_spiral_temple
Lair:1:   layout_loops_ring, ebering_ghost_funeral_grove, st_stairs_10,
          serial_bayou_shore_b, uniq_amaemon
Lair:2:   beast_lair_carwin_large_3, layout_gridlike, skrybe_swamp_entry_bodies,
          chequers_serial_rivers_small_b, lemuel_fruit_fields
Lair:3:   layout_cave_pods, nicolae_spider_entry_orb_guardian
Lair:4:   layout_hall_layers, slime_entry_2, portal_ice_cave_entry_imps,
          serial_forest, infiniplex_forest_lined_2,
          infiniplex_forest_clump_curved, infiniplex_forest_clump_C,
          infiniplex_forest_clump_diagonal, infiniplex_forest_straight_5,
          hellmonk_guarded_unrand_seven_league_boots
IceCv:    ice_cave_statue_garden_transporter

Skill      XL: |  1  2  3  4  5  6  7  8  9 10 11 12 13 |
---------------+----------------------------------------+-----
Dodging        | 2 3 4 5 6 7 |  7.0
Fighting       | 1 2 3 4 5 6 7 8 |  8.8
Stealth        | 4 5 6 7 9 11 13 14 15 | 15.1
Conjurations   | 2 3 4 5 6 7 8 |  8.9
Spellcasting   | 3 4 5 6 7 8 |  8.5
Fire Magic     | 4 5 6 7 8 9 |  9.5
Armour         | 2 |  2.8

Action                     |  1- 3 |  4- 6 |  7- 9 | 10-12 | 13-15 || total
---------------------------+-------+-------+-------+-------+-------++-------
  Melee: Dagger            |    43 |    64 |       |       |       ||   107
         Unarmed           |     4 |       |       |       |       ||     4
         Punch             |       |     4 |       |     3 |       ||     7
         Rapier            |       |       |    57 |    24 |       ||    81
         Falchion          |       |       |       |    10 |       ||    10
         Staff             |       |       |       |    49 |       ||    49
  Throw: Throwing net      |       |       |       |     1 |       ||     1
   Cast: Foxfire           |    41 |     4 |    63 |   203 |    12 ||   323
         Scorch            |       |    45 |   148 |   143 |    29 ||   365
         Inner Flame       |       |       |       |   154 |    17 ||   171
  Evoke: Wand              |       |     1 |     2 |     7 |       ||    10
    Use: Potion            |       |     1 |       |     2 |     2 ||     5
         Scroll            |       |       |    21 |    14 |       ||    35
   Stab: Sleeping          |     3 |     1 |       |       |       ||     4
 Armour: Robe              |     7 |       |       |       |       ||     7
         Steam dragon scal |    21 |    15 |    52 |       |       ||    88
         Troll leather arm |       |       |     9 |   123 |    20 ||   152
  Dodge: Dodged            |    24 |    21 |   106 |   123 |    15 ||   289
  Block: Buckler           |       |       |       |    65 |     9 ||    74

Table legend: (Time is in decaauts)
 A = Elapsed time spent in this place.
 B = Non-inter-level travel time spent in this place.
 C = Inter-level travel time spent in this place.
 D = Time resting spent in this place.
 E = Time spent auto-exploring this place.
 F = Levels seen in this place.
 G = Mean time per level.
                   A        B        C        D        E       F      G
               +--------+--------+--------+--------+--------+-----+--------+
         Total |  23731 |  22632 |   1099 |    230 |  19028 |  18 | 1318.4 |
       Dungeon |  17173 |  16287 |    886 |    209 |  13907 |  11 | 1561.2 |
        Temple |    116 |     66 |     50 |      0 |      0 |   1 |  116.0 |
          Lair |   5307 |   5146 |    161 |      0 |   4394 |   4 | 1326.8 |
        Bailey |   1121 |   1121 |      0 |     21 |    727 |   1 | 1121.0 |
      Ice Cave |     13 |     13 |      0 |      0 |      0 |   1 |   13.0 |
               +--------+--------+--------+--------+--------+-----+--------+

Top non-repeatable levels by time:
     D:6: 2241 daAuts
     D:9: 2194 daAuts
  Lair:1: 1953 daAuts
     D:8: 1884 daAuts
  Lair:3: 1787 daAuts
     D:3: 1745 daAuts
     D:5: 1586 daAuts
     D:2: 1475 daAuts
  Lair:2: 1441 daAuts
     D:7: 1408 daAuts
    D:10: 1357 daAuts
     D:4: 1342 daAuts
     D:1: 1167 daAuts
  Bailey: 1121 daAuts
    D:11: 769 daAuts
